[Event "Titled Tuesday Blitz May 31 Early 2022"]
[White "Goltsev, Dmitry"]
[Black "Vlachos, Anatole"]
[WhiteFideId "24176710"]
[BlackFideId "26093189"]
[WhiteElo "2258"]
[BlackElo "2361"]
[Result "1-0"]
[Round "09"]
[TimeControl "180+1"]
[Date "2022.05.31"]
[WhiteClock "0:01:50"]
[BlackClock "0:00:38"]

1. e4 g6 2. Nf3 Bg7 3. Nc3 d6 4. d4 a6 5. a4 b6 6. h3 Bb7 7. Bg5 h6 8. Bh4 Nd7 9. Qd2 g5 10. Bg3 e6 11. Bc4 Ne7 12. O-O O-O 13. Rae1 Nf6 14. Bb3 d5 15. e5 Nh5 16. Bh2 c5 17. Nxg5 hxg5 18. Qxg5 cxd4 19. Ne2 Nc6 20. Qxh5 Rc8 21. f4 f5 22. exf6 Qxf6 23. f5 Na5 24. fxe6 Qxe6 25. Nf4 Qh6 26. Bxd5+ Bxd5 27. Qxd5+ Kh8 28. Re6 1-0


[Site "https://www.chess.com"]

[Event "Titled Tuesday Blitz May 31 Early 2022"]
[White "Gong, Patrick"]
[Black "Molina, Roberto Junio Brito"]
[WhiteFideId "3222500"]
[BlackFideId "2109450"]
[WhiteElo "2103"]
[BlackElo "2432"]
[Result "0-1"]
[Round "09"]
[TimeControl "180+1"]
[Date "2022.05.31"]
[WhiteClock "0:00:09"]
[BlackClock "0:00:07"]

1. e4 c6 2. d4 d5 3. e5 Bf5 4. Nf3 e6 5. Be2 Nd7 6. Be3 h6 7. O-O Ne7 8. c4 dxc4 9. Bxc4 Nb6 10. Bb3 Ned5 11. Nc3 Be7 12. a4 a5 13. Rc1 O-O 14. h3 Qd7 15. Qe2 Rfd8 16. Rcd1 Bb4 17. Bd2 Qe7 18. Ne4 Bxd2 19. Nfxd2 Qb4 20. Nd6 Rd7 21. Qf3 Bg6 22. N2c4 Nxc4 23. Nxc4 b5 24. axb5 cxb5 25. Nd6 Nc7 26. Rc1 Rad8 27. Rfd1 a4 28. Bc2 Bxc2 29. Rxc2 Nd5 30. Qa3 Qxa3 31. bxa3 Rc7 32. Rc5 Rxc5 33. dxc5 Rb8 34. Rb1 Nc7 35. c6 Kf8 36. Nb7 Ke7 37. Rd1 Nd5 38. Rd4 Rc8 39. Na5 Kd8 40. Rg4 g6 41. Rh4 h5 42. g4 hxg4 43. hxg4 Kc7 44. Rh7 Kb6 45. Nb7 Rc7 46. Nd6 Kxc6 47. Nxf7 Kb6 48. Rg7 b4 49. axb4 a3 50. Rxg6 Rxf7 51. Rxe6+ Kb5 52. Re8 Ra7 53. Ra8 Rxa8 0-1


[Site "https://www.chess.com"]

[Event "Titled Tuesday Blitz May 31 Early 2022"]
[White "Gracia Alvarez, Gerardo Antonio"]
[Black "Korchmar, Vasiliy"]
[WhiteFideId "5109124"]
[BlackFideId "24131750"]
[WhiteElo "2139"]
[BlackElo "2370"]
[Result "0-1"]
[Round "09"]
[TimeControl "180+1"]
[Date "2022.05.31"]
[WhiteClock "0:00:20"]
[BlackClock "0:02:14"]

1. e4 c5 2. Nc3 d6 3. d4 cxd4 4. Qxd4 Nc6 5. Qd2 g6 6. b3 Bh6 7. f4 Nf6 8. Bb2 O-O 9. O-O-O a5 10. a4 Nb4 11. Kb1 Qb6 12. h3 Be6 13. g4 Bg7 14. f5 Bd7 15. Bg2 Rac8 16. Nge2 Bc6 17. Bf3 Rc7 18. h4 Rfc8 19. Nd4 Bxe4 20. Nxe4 Nxc2 21. Rc1 Nxe4 22. Bxe4 Nxd4 23. Rxc7 Rxc7 24. Qe3 Qxb3 25. fxg6 Qxe3 0-1


[Site "https://www.chess.com"]

[Event "Titled Tuesday Blitz May 31 Early 2022"]
[White "Gunina, Valentina"]
[Black "Royal, Shreyas"]
[WhiteFideId "4167570"]
[BlackFideId "448869"]
[WhiteElo "2381"]
[BlackElo "1986"]
[Result "1-0"]
[Round "09"]
[TimeControl "180+1"]
[Date "2022.05.31"]
[WhiteClock "0:02:07"]
[BlackClock "0:01:04"]

1. d4 Nf6 2. c4 e6 3. Nf3 d5 4. Nc3 dxc4 5. e4 b5 6. e5 Nd5 7. Nxb5 Nb6 8. Be2 Nc6 9. Be3 Ba6 10. Nc3 Be7 11. a3 O-O 12. Qc2 Nd5 13. Nd2 Nxe3 14. fxe3 Na5 15. O-O c5 16. Qe4 cxd4 17. exd4 Bg5 18. Nf3 Bb7 19. Qg4 Be3+ 20. Kh1 Rb8 21. Rad1 Bxf3 22. Rxf3 Qg5 23. Qe4 Bc1 24. Rg3 Qf4 25. Qc2 Bxb2 26. Ne4 Kh8 27. Rf1 Qh6 28. Ng5 f5 29. exf6 Rxf6 30. Rxf6 1-0


[Site "https://www.chess.com"]

[Event "Titled Tuesday Blitz May 31 Early 2022"]
[White "Hambleton, Aman"]
[Black "Yuan, Qingyu"]
[WhiteFideId "2606577"]
[BlackFideId "8609772"]
[WhiteElo "2552"]
[BlackElo "2359"]
[Result "1-0"]
[Round "09"]
[TimeControl "180+1"]
[Date "2022.05.31"]
[WhiteClock "0:00:11"]
[BlackClock "0:00:07"]

1. d4 d5 2. c4 e6 3. Nc3 Nf6 4. cxd5 exd5 5. Bg5 c6 6. e3 h6 7. Bh4 Be7 8. Bd3 O-O 9. Nge2 Re8 10. f3 Nh5 11. Bf2 Bh4 12. g3 Be7 13. g4 Nf6 14. h3 c5 15. O-O Nc6 16. Kg2 cxd4 17. Nxd4 Nxd4 18. exd4 Bd6 19. Qb3 Be6 20. Ne2 Rb8 21. Bg3 b5 22. Rfe1 a5 23. Rac1 a4 24. Qc2 Rc8 25. Qd2 Bxg3 26. Nxg3 Qb6 27. Qb4 Bd7 28. Rxc8 Rxc8 29. Ne2 Ne8 30. Rc1 Rxc1 31. Nxc1 Qd6 32. Qxd6 Nxd6 33. b3 b4 34. Kf2 Kf8 35. Ke3 a3 36. Bc2 Nb5 37. Nd3 Ke7 38. Nxb4 Kd6 39. Bd3 Nc7 40. Nc2 f5 41. Nxa3 fxg4 42. fxg4 Ne6 43. Nc2 Ng5 44. Bf1 Ne6 45. Be2 g5 46. Bf1 Nf4 47. a4 Be8 48. Ne1 Bg6 49. Kd2 Kc6 50. Kc3 Be4 51. b4 h5 52. gxh5 Nxh5 53. b5+ Kb6 54. Kb4 Nf4 55. a5+ Kb7 56. b6 Bf5 57. Nf3 Bxh3 58. Bxh3 Nxh3 59. Kb5 g4 60. a6+ Kb8 61. Nh4 g3 62. Kc6 Nf4 63. a7+ Ka8 64. Kc7 Ne6+ 65. Kc8 Nc5 66. dxc5 d4 67. b7+ Kxa7 68. b8=Q+ Ka6 69. Qb6# 1-0


[Site "https://www.chess.com"]

[Event "Titled Tuesday Blitz May 31 Early 2022"]
[White "Harsha Bharathakoti"]
[Black "Jumabayev, Rinat"]
[WhiteFideId "5078776"]
[BlackFideId "13702661"]
[WhiteElo "2575"]
[BlackElo "2561"]
[Result "1-0"]
[Round "09"]
[TimeControl "180+1"]
[Date "2022.05.31"]
[WhiteClock "0:00:09"]
[BlackClock "0:00:03"]

1. e4 c6 2. d4 d5 3. e5 c5 4. Nf3 cxd4 5. Qxd4 Nc6 6. Qf4 e6 7. Bd3 Nb4 8. Nc3 Bd7 9. O-O Rc8 10. Be3 a6 11. a3 Nxd3 12. cxd3 Nh6 13. Nd4 f6 14. Rfe1 Kf7 15. Qf3 Bc5 16. Qh5+ Kg8 17. Bxh6 Bxd4 18. Qg4 Qf8 19. Qxd4 gxh6 20. exf6 Kf7 21. Re3 Rg8 22. Nxd5 Qd6 23. Qe5 Qxe5 24. Rxe5 Rc5 25. Rae1 Rgc8 26. Nc3 Rxe5 27. Rxe5 Kxf6 28. Re3 Bc6 29. f3 Rd8 30. Kf2 Rd4 31. Ke2 e5 32. Kd2 h5 33. Ne4+ Kg6 34. Ng3 h4 35. Ne2 Rd5 36. Re4 h3 37. gxh3 Kf5 38. Ng3+ Kf6 39. Ke3 Rd7 40. Rh4 Bb5 41. Ne4+ Kg6 42. Nf2 Rc7 43. a4 Bd7 44. Kd2 Bf5 45. Rb4 Rd7 46. h4 Kh5 47. Ke3 Rd5 48. Rc4 Rd7 49. Rc5 Re7 50. b4 Kxh4 51. a5 Kh5 52. f4 Kg6 53. Rxe5 Rd7 54. Ne4 Rc7 55. Rc5 Rd7 56. Rc4 h5 57. Rd4 Re7 58. Rd6+ Kg7 59. h4 Bg4 60. Kd4 Rc7 61. Nc5 Rf7 62. Ke5 Re7+ 63. Ne6+ Kf7 64. f5 Bh3 65. d4 Bg4 66. d5 Bh3 67. Rd8 Bg4 68. Rf8# 1-0


[Site "https://www.chess.com"]

[Event "Titled Tuesday Blitz May 31 Early 2022"]
[White "Hua, Lefong"]
[Black "Bas Mas, Jose Joaquin"]
[WhiteFideId "2602253"]
[BlackFideId "22219064"]
[WhiteElo "2637"]
[BlackElo "2233"]
[Result "0-1"]
[Round "09"]
[TimeControl "180+1"]
[Date "2022.06.01"]
[WhiteClock "0:00:14"]
[BlackClock "0:00:07"]

1. d4 d5 2. c4 e6 3. Nc3 Nf6 4. cxd5 exd5 5. Bg5 Be7 6. e3 c6 7. Bd3 O-O 8. Qc2 h6 9. Bh4 Nbd7 10. Nge2 Re8 11. O-O b5 12. f3 Nb6 13. e4 b4 14. Na4 dxe4 15. fxe4 Nxa4 16. Qxa4 Bg4 17. Rad1 Nxe4 18. Bxe7 Qxe7 19. Qxc6 Nf6 20. Rf2 Rac8 21. Qa6 Qe3 22. Kf1 b3 23. axb3 Bxe2+ 24. Rxe2 Qf4+ 25. Kg1 Ng4 26. g3 Qxd4+ 27. Kg2 Ne3+ 28. Rxe3 Qxe3 29. Bc4 Rcd8 30. Rxd8 Rxd8 31. Qb7 Qd2+ 32. Kf3 Qd7 33. Qxd7 Rxd7 34. g4 a5 35. h4 Kf8 36. h5 Ke7 37. Ke3 Kf6 38. Bb5 Rb7 39. Bc4 Kg5 40. Kf3 Re7 41. Bd5 f6 42. Bc4 Re1 43. Bb5 Rb1 44. Bc4 Rxb2 45. Be6 Rc2 46. Bf7 Rc3+ 47. Ke4 Kxg4 48. Be6+ Kg5 49. Kd4 Rg3 50. Bf7 f5 51. Kc4 Rg1 52. Kb5 Ra1 53. Bg6 f4 54. Be4 Kg4 55. b4 axb4 56. Kxb4 f3 57. Kb3 f2 58. Bd3 f1=Q 59. Kb2 Qc1+ 60. Kb3 0-1


[Site "https://www.chess.com"]

[Event "Titled Tuesday Blitz May 31 Early 2022"]
[White "Jegorovas, Aleksandras"]
[Black "Kim, Sergey"]
[WhiteFideId "12801950"]
[BlackFideId "13700570"]
[WhiteElo "2247"]
[BlackElo "2579"]
[Result "1/2-1/2"]
[Round "09"]
[TimeControl "180+1"]
[Date "2022.06.01"]
[WhiteClock "0:00:18"]
[BlackClock "0:00:20"]

1. Nf3 Nf6 2. c4 g6 3. Nc3 Bg7 4. e4 d6 5. d4 O-O 6. Be2 e5 7. O-O exd4 8. Nxd4 Re8 9. f3 Nbd7 10. Kh1 c6 11. Bf4 Ne5 12. Nc2 a5 13. Qd2 Qc7 14. Rad1 Re6 15. g4 Nfd7 16. Bg3 Nc5 17. f4 Ned7 18. f5 Re8 19. Bxd6 Qb6 20. fxg6 hxg6 21. Qf4 Nf6 22. e5 Ne6 23. Qf3 Ng5 24. Qf4 Ne6 25. Qf2 Qxf2 26. Rxf2 Nxg4 27. Bxg4 a4 28. Rdf1 a3 29. Nxa3 Ng5 30. Bxc8 Raxc8 31. Nc2 Bxe5 32. Bxe5 Rxe5 33. Nd4 Rd8 34. Nf3 Nxf3 35. Rxf3 Rd2 36. Rxf7 Rh5 37. Rf8+ Kg7 38. R1f7+ Kh6 39. Rh8+ Kg5 40. Rxh5+ Kxh5 41. b3 Rc2 42. Rf3 Kg4 43. Rg3+ Kf5 44. Kg1 g5 45. h3 Kf4 46. Rg4+ Kf5 47. Nd1 Rxa2 48. Rg2 Ra1 49. Rd2 Rb1 50. Rd3 Ke4 51. Rd2 Rxb3 52. Kg2 Rb4 53. Rb2 Rxc4 54. Nf2+ Kf5 55. Rxb7 Rc2 56. Rb8 Rc3 57. Rf8+ Kg6 58. Rc8 Kf5 59. Rf8+ Kg6 60. Rf3 Rc2 61. Kg3 Rc1 62. Ng4 Rg1+ 63. Kf2 Rc1 64. Rf6+ Kg7 65. Rd6 c5 66. Ne5 Kh7 67. Kg3 c4 68. Kg4 c3 69. Rc6 c2 70. Nf3 Kg7 71. Kxg5 Rf1 72. Rc7+ Kf8 73. Rxc2 Rxf3 74. h4 Kg7 75. Rc7+ Rf7 76. Rxf7+ Kxf7 77. h5 Kg8 78. h6 Kh8 79. Kg6 Kg8 80. h7+ Kh8 81. Kh6 1/2-1/2


[Site "https://www.chess.com"]

[Event "Titled Tuesday Blitz May 31 Early 2022"]
[White "Jobava, Baadur"]
[Black "Yilmaz, Mustafa"]
[WhiteFideId "13601520"]
[BlackFideId "6302718"]
[WhiteElo "2617"]
[BlackElo "2568"]
[Result "1-0"]
[Round "09"]
[TimeControl "180+1"]
[Date "2022.05.31"]
[WhiteClock "0:01:37"]
[BlackClock "0:00:01"]

1. b3 d5 2. Bb2 Bf5 3. d3 e6 4. Nd2 h6 5. g3 c6 6. Bg2 Nd7 7. e4 Bh7 8. Ne2 Ngf6 9. e5 Ng8 10. O-O Bb4 11. Nf4 Ne7 12. Nf3 O-O 13. h4 Ng6 14. Nh5 a5 15. a3 Be7 16. Re1 Qb6 17. Rb1 Rae8 18. Qd2 c5 19. Nh2 Kh8 20. Ng4 Rg8 21. Bxd5 exd5 22. e6 fxe6 23. Nxh6 Ref8 24. d4 cxd4 25. Bxd4 Bc5 26. Bxc5 Nxc5 27. Nxg8 1-0


[Site "https://www.chess.com"]

[Event "Titled Tuesday Blitz May 31 Early 2022"]
[White "Keller, Peter"]
[Black "Pham, Tran Gia Phuc"]
[WhiteFideId "1272105"]
[BlackFideId "12415669"]
[WhiteElo "2275"]
[BlackElo "1789"]
[Result "0-1"]
[Round "09"]
[TimeControl "180+1"]
[Date "2022.06.01"]
[WhiteClock "0:00:05"]
[BlackClock "0:00:22"]

1. e4 c5 2. Nf3 d6 3. d4 cxd4 4. Nxd4 Nf6 5. Nc3 a6 6. f3 e6 7. Be3 Be7 8. Qd2 Nc6 9. O-O-O Qc7 10. g4 b5 11. g5 Nd7 12. h4 Bb7 13. Kb1 b4 14. Nce2 Nde5 15. Ng3 Nxd4 16. Qxd4 Qc5 17. f4 Qxd4 18. Bxd4 Nf3 19. Bxg7 Rg8 20. Bh6 d5 21. e5 Bc5 22. Bd3 Be3 23. Nh5 Nd2+ 24. Rxd2 Bxd2 25. Nf6+ Ke7 26. Nxg8+ Rxg8 27. Rf1 d4 28. Bxh7 Rh8 29. Bd3 Be3 30. b3 Bg2 31. f5 Bxf1 32. f6+ Kd7 33. Bxf1 Bf4 34. Be2 Bxe5 35. h5 Bxf6 36. Bxa6 Be5 37. Be2 f5 38. a4 bxa3 39. Ka2 Rc8 40. Bd3 Rh8 41. Be2 f4 42. Kxa3 Kd6 43. b4 Kd5 44. Kb3 Ke4 45. Bd3+ Ke3 46. b5 f3 47. b6 Rb8 48. g6+ Kf2 49. g7 Rxb6+ 50. Kc4 Rc6+ 51. Kb5 Rc8 52. Bh7 Ke1 53. Bd3 f2 54. Kb6 Rg8 0-1


[Site "https://www.chess.com"]

[Event "Titled Tuesday Blitz May 31 Early 2022"]
[White "Keymer, Vincent"]
[Black "Bachmann, Axel"]
[WhiteFideId "12940690"]
[BlackFideId "3700488"]
[WhiteElo "2548"]
[BlackElo "2587"]
[Result "1-0"]
[Round "09"]
[TimeControl "180+1"]
[Date "2022.05.31"]
[WhiteClock "0:00:12"]
[BlackClock "0:00:03"]

1. Nf3 Nf6 2. c4 e6 3. Nc3 d5 4. e3 c5 5. cxd5 exd5 6. d4 Nc6 7. Bb5 cxd4 8. Nxd4 Bd7 9. O-O Bd6 10. Nf3 Be6 11. b3 O-O 12. Bb2 Rc8 13. Rc1 Qe7 14. Ne2 Ba3 15. Bxa3 Qxa3 16. Bxc6 bxc6 17. Qc2 c5 18. h3 Rfd8 19. Rfd1 d4 20. Nf4 dxe3 21. fxe3 Qa6 22. Rxd8+ Rxd8 23. Nxe6 Qxe6 24. Qxc5 a6 25. Qe5 Qb6 26. Nd4 Re8 27. Qc5 Qb8 28. Nf5 g6 29. Qd4 gxf5 30. Qxf6 Qg3 31. Rf1 Qxe3+ 32. Kh1 Qe6 33. Rxf5 Qxf6 34. Rxf6 a5 35. Ra6 Re5 36. Kg1 Rf5 37. a4 h5 38. Rb6 Kf8 39. Rb5 Rxb5 40. axb5 Ke7 41. Kf2 Kd6 42. g4 h4 43. g5 Kc5 44. Kf3 Kxb5 45. Kf4 Kb4 46. Kf5 Kxb3 47. Kf6 a4 48. Kxf7 a3 49. g6 a2 50. g7 a1=Q 51. g8=Q Qf1+ 52. Kg6+ Kc3 53. Qc8+ Kd2 54. Qg4 Ke3 55. Qxh4 Qb1+ 56. Kh6 Qb6+ 57. Kh5 Kf3 58. Qg4+ Ke3 59. Qg1+ 1-0


[Site "https://www.chess.com"]

[Event "Titled Tuesday Blitz May 31 Early 2022"]
[White "Kosteniuk, Alexandra"]
[Black "Chigaev, Maksim"]
[WhiteFideId "4128125"]
[BlackFideId "4108116"]
[WhiteElo "2469"]
[BlackElo "2457"]
[Result "0-1"]
[Round "09"]
[TimeControl "180+1"]
[Date "2022.05.31"]
[WhiteClock "0:00:22"]
[BlackClock "0:00:09"]

1. e4 c6 2. Nc3 d5 3. Nf3 Bg4 4. h3 Bxf3 5. Qxf3 e6 6. g3 Bc5 7. Bg2 Nd7 8. Ne2 dxe4 9. Qxe4 Ngf6 10. Qa4 e5 11. O-O O-O 12. b4 Bb6 13. Qb3 Re8 14. Bb2 h5 15. Rad1 a5 16. a3 axb4 17. axb4 e4 18. Nc3 Qc7 19. Na4 Rxa4 20. Qxa4 Qxg3 21. Qb3 h4 22. d4 Qxb3 23. cxb3 Nd5 24. Rfe1 f5 25. Bf1 Nxb4 26. d5 Nxd5 27. Bc4 Ne5 28. Bxd5+ cxd5 29. Rxd5 Nf3+ 30. Kf1 Nxe1 31. Kxe1 f4 32. Rg5 Re7 33. Rg4 Ba5+ 34. Kd1 Rd7+ 35. Kc1 e3 36. fxe3 fxe3 37. b4 e2 38. Bc3 Bb6 39. Re4 Rd3 40. Bd2 Be3 0-1


[Site "https://www.chess.com"]

[Event "Titled Tuesday Blitz May 31 Early 2022"]
[White "Kostiukov, Alexandr"]
[Black "Tasev, Dejan"]
[WhiteFideId "14108100"]
[BlackFideId "936618"]
[WhiteElo "2202"]
[BlackElo "2253"]
[Result "1-0"]
[Round "09"]
[TimeControl "180+1"]
[Date "2022.06.01"]
[WhiteClock "0:00:09"]
[BlackClock "0:00:36"]

1. g3 Nf6 2. Bg2 e6 3. d3 d5 4. e4 dxe4 5. dxe4 Qxd1+ 6. Kxd1 Nc6 7. f3 b6 8. Be3 Ba6 9. Nd2 O-O-O 10. Nh3 h6 11. Bf1 Bb7 12. c3 Nd7 13. Kc2 Bc5 14. Bxc5 Nxc5 15. Nf2 a5 16. Bb5 Rd7 17. Nb3 Nxb3 18. axb3 Rhd8 19. Rhd1 Rxd1 20. Nxd1 Ne5 21. Be2 g5 22. Nf2 f6 23. Nd3 Nxd3 24. Bxd3 e5 25. Rh1 Kd7 26. h4 Kd6 27. hxg5 hxg5 28. Rh7 Rd7 29. Rh8 g4 30. fxg4 Rg7 31. Rh4 c5 32. Kd2 Bc8 33. Be2 Be6 34. c4 Bg8 35. Ke3 Rh7 36. Rh5 Ke7 37. g5 Rxh5 38. gxf6+ Kxf6 39. Bxh5 Kg5 40. Be2 Be6 41. Kf2 Bf7 42. Bf3 a4 43. Bd1 axb3 44. Bxb3 b5 45. cxb5 Be8 46. b6 1-0


[Site "https://www.chess.com"]

[Event "Titled Tuesday Blitz May 31 Early 2022"]
[White "Kovalev, Vladislav"]
[Black "Kamsky, Gata"]
[WhiteFideId "13504398"]
[BlackFideId "2000024"]
[WhiteElo "2530"]
[BlackElo "2645"]
[Result "1-0"]
[Round "09"]
[TimeControl "180+1"]
[Date "2022.05.31"]
[WhiteClock "0:00:07"]
[BlackClock "0:00:01"]

1. e4 e5 2. Nf3 Nc6 3. Nc3 Nf6 4. d4 exd4 5. Nxd4 Bb4 6. Nxc6 bxc6 7. Bd3 d5 8. exd5 cxd5 9. O-O O-O 10. h3 c6 11. Qf3 h6 12. Rd1 Re8 13. Na4 Rb8 14. c4 Bd6 15. cxd5 cxd5 16. b3 Be5 17. Bf4 Qd6 18. Bxe5 Qxe5 19. Rac1 g5 20. Re1 Qxe1+ 21. Rxe1 Rxe1+ 22. Kh2 Kg7 23. Qg3 Rb4 24. f4 Re6 25. fxg5 hxg5 26. Qxg5+ Kf8 27. Nc5 Rc6 28. a3 Rbb6 29. b4 d4 30. Qh6+ Ke7 31. Qh4 Rd6 32. Ne4 Rd5 33. Ng3 Rbd6 34. Qf4 Be6 35. Qc1 Re5 36. Qc7+ Nd7 37. Qxa7 Re3 38. Nf5+ Bxf5 39. Bxf5 Re5 40. Bd3 Re3 41. Bb5 Re5 42. a4 d3 43. Bxd3 Rxd3 44. a5 Re2 45. Qb7 Rdd2 46. a6 Rxg2+ 47. Qxg2 Rxg2+ 48. Kxg2 Nb6 49. h4 Kf6 50. Kf3 Kf5 51. b5 Ke5 52. a7 Kf5 53. Kg3 Ke5 54. Kg4 1-0


[Site "https://www.chess.com"]

[Event "Titled Tuesday Blitz May 31 Early 2022"]
[White "Lianes Garcia, Marcos"]
[Black "Agasarov, Benik"]
[WhiteFideId "32060777"]
[BlackFideId "13314823"]
[WhiteElo "2310"]
[BlackElo "2609"]
[Result "0-1"]
[Round "09"]
[TimeControl "180+1"]
[Date "2022.05.31"]
[WhiteClock "0:00:14"]
[BlackClock "0:00:24"]

1. e4 c5 2. g3 d5 3. exd5 Qxd5 4. Nf3 Nc6 5. Bg2 Qe6+ 6. Kf1 Nf6 7. d3 Qd7 8. Na3 g6 9. Be3 b6 10. Ne5 Nxe5 11. Bxa8 Bb7 12. Bxb7 Qxb7 13. Rg1 Nf3 14. Rg2 Ng4 15. h3 Nfh2+ 16. Kg1 Nf3+ 17. Kf1 Nfh2+ 18. Kg1 Nf3+ 19. Kh1 h5 20. d4 Bg7 21. d5 Bxb2 22. Rb1 Bxa3 23. Qxf3 Nf6 24. Bg5 Qxd5 25. Qxa3 Qxg5 26. Qxa7 O-O 27. Qxb6 Qf5 28. a4 Qxh3+ 29. Kg1 Ne4 30. Qc6 Nc3 31. Ra1 Ne2+ 32. Kf1 Nd4 33. Qe4 Qh1+ 0-1


[Site "https://www.chess.com"]

[Event "Titled Tuesday Blitz May 31 Early 2022"]
[White "Lopez, Henry"]
[Black "Tanenbaum, Zachary"]
[WhiteFideId "5203830"]
[BlackFideId "2060850"]
[WhiteElo "2177"]
[BlackElo "2168"]
[Result "1-0"]
[Round "09"]
[TimeControl "180+1"]
[Date "2022.06.01"]
[WhiteClock "0:01:07"]
[BlackClock "0:00:12"]

1. d4 d5 2. Nf3 Bf5 3. c4 e6 4. Nc3 c6 5. e3 Nd7 6. Be2 Ngf6 7. Nh4 Be4 8. f3 Bg6 9. g3 Bd6 10. O-O O-O 11. Nxg6 hxg6 12. f4 dxc4 13. Bxc4 b5 14. Bd3 b4 15. Ne4 Nxe4 16. Bxe4 Rc8 17. Kg2 Qe7 18. h4 c5 19. dxc5 Nxc5 20. Bf3 Rfd8 21. Qe2 Bc7 22. e4 e5 23. Bg4 Rd4 24. Bxc8 Rxe4 25. Qf3 exf4 26. gxf4 Re2+ 27. Rf2 Re1 28. b3 Qxh4 29. Qh3 Qf6 30. Bb2 Qc6+ 31. Qf3 Qe8 32. Rxe1 Qxe1 33. Re2 Qh4 34. Re8+ Kh7 35. Qh3 Qxh3+ 36. Kxh3 Nd3 37. Bd4 Nxf4+ 38. Kg4 f5+ 39. Kf3 Nd5 40. Be6 Nf6 41. Bxf6 gxf6 42. Re7+ Kh6 43. Rxc7 Kg5 44. Rh7 f4 45. Rxa7 f5 46. Ra5 Kf6 47. Bxf5 Kg5 48. Bxg6+ Kh6 49. Kxf4 Kg7 50. Kg5 Kh8 51. Kf6 Kg8 52. Ra8# 1-0


[Site "https://www.chess.com"]

[Event "Titled Tuesday Blitz May 31 Early 2022"]
[White "Maghsoodloo, Parham"]
[Black "Lazavik, Denis"]
[WhiteFideId "12539929"]
[BlackFideId "13515110"]
[WhiteElo "2630"]
[BlackElo "2437"]
[Result "1/2-1/2"]
[Round "09"]
[TimeControl "180+1"]
[Date "2022.05.31"]
[WhiteClock "0:00:03"]
[BlackClock "0:00:04"]

1. e4 e5 2. Nf3 Nc6 3. Bb5 Nf6 4. O-O Nxe4 5. Re1 Nd6 6. a4 Be7 7. Nc3 a6 8. Bf1 e4 9. Nxe4 Nxe4 10. Rxe4 d5 11. Re1 Bg4 12. h3 Bh5 13. a5 O-O 14. c3 d4 15. Bc4 Bd6 16. g4 Bg6 17. d3 Kh8 18. cxd4 f5 19. d5 fxg4 20. hxg4 Qd7 21. Ng5 Ne5 22. Rxe5 Bxe5 23. Ne6 Bf7 24. Qe2 Bxe6 25. dxe6 Qd6 26. Qe4 Rae8 27. Be3 Bf4 28. Re1 Bxe3 29. Rxe3 c6 30. Rh3 h6 31. g5 Qf4 32. Qxf4 Rxf4 33. gxh6 Rf6 34. hxg7+ Kxg7 35. Kf1 Ref8 36. Rg3+ Rg6 37. Re3 Kf6 38. d4 Rg4 39. Rd3 Ke7 40. b3 Rgf4 41. Rg3 Rxf2+ 42. Ke1 Rb2 43. Rg7+ Ke8 44. Rxb7 Rff2 45. Bd3 Rg2 46. Kf1 Rbf2+ 47. Ke1 Ra2 48. Kf1 Raf2+ 49. Ke1 Ra2 50. Kf1 Raf2+ 1/2-1/2


[Site "https://www.chess.com"]

[Event "Titled Tuesday Blitz May 31 Early 2022"]
[White "Maiorov, Nikita"]
[Black "Cherniaiev, Tykhon"]
[WhiteFideId "13501720"]
[BlackFideId "14182360"]
[WhiteElo "2417"]
[BlackElo "2289"]
[Result "0-1"]
[Round "09"]
[TimeControl "180+1"]
[Date "2022.05.31"]
[WhiteClock "0:00:16"]
[BlackClock "0:00:30"]

1. e4 c5 2. c3 d5 3. exd5 Qxd5 4. d4 Nc6 5. Nf3 cxd4 6. cxd4 Bg4 7. Be2 e6 8. Nc3 Qd8 9. O-O Nf6 10. h3 Bh5 11. g4 Bg6 12. Ne5 Bd6 13. Bf3 O-O 14. Nxg6 hxg6 15. Bg5 Nxd4 16. Bxb7 Rb8 17. Bg2 Rxb2 18. Kh1 Be7 19. Be3 e5 20. g5 Nh5 21. Qg4 Nf5 22. Rad1 Qc8 23. Nd5 Qe6 24. Bxa7 Rxa2 25. Bb6 e4 26. Qxe4 Nhg3+ 0-1


[Site "https://www.chess.com"]

[Event "Titled Tuesday Blitz May 31 Early 2022"]
[White "Maksimenko, Viktor"]
[Black "Le, Tuan Minh"]
[WhiteFideId "13710478"]
[BlackFideId "12401153"]
[WhiteElo "2269"]
[BlackElo "2450"]
[Result "1-0"]
[Round "09"]
[TimeControl "180+1"]
[Date "2022.05.31"]
[WhiteClock "0:00:38"]
[BlackClock "0:00:03"]

1. d4 d5 2. c4 c6 3. Nf3 Nf6 4. Qb3 dxc4 5. Qxc4 Bg4 6. Nbd2 Nbd7 7. g3 e6 8. Bg2 Be7 9. O-O O-O 10. Qb3 Qb6 11. Nc4 Qa6 12. Bg5 Nb6 13. Rfc1 h6 14. Bf4 Rac8 15. e3 Nfd5 16. Nfe5 Be2 17. Nxb6 axb6 18. h4 g5 19. hxg5 hxg5 20. e4 Nxf4 21. gxf4 gxf4 22. Bf3 Rfd8 23. Re1 Bxf3 24. Qxf3 Bf6 25. Qxf4 Bxe5 26. dxe5 Kf8 27. Re3 Ke8 28. Rh3 Rc7 29. Rh8+ Kd7 30. Rd1+ 1-0


[Site "https://www.chess.com"]

[Event "Titled Tuesday Blitz May 31 Early 2022"]
[White "Maltsevskaya, Aleksandra"]
[Black "Manukian, Artak"]
[WhiteFideId "24174041"]
[BlackFideId "13301373"]
[WhiteElo "2235"]
[BlackElo "2550"]
[Result "1-0"]
[Round "09"]
[TimeControl "180+1"]
[Date "2022.05.31"]
[WhiteClock "0:00:17"]
[BlackClock "0:00:42"]

1. e3 c5 2. Nf3 d5 3. d4 Nc6 4. g3 Bg4 5. c3 e5 6. dxe5 Nxe5 7. Bb5+ Nc6 8. h3 Bh5 9. O-O a6 10. Be2 Nf6 11. Nbd2 Bd6 12. c4 O-O 13. cxd5 Nxd5 14. Nc4 Bc7 15. e4 Nb6 16. Nxb6 Bxb6 17. Be3 Bg6 18. Nd2 Nd4 19. Bxd4 cxd4 20. Bd3 Re8 21. Rc1 Ba5 22. Nc4 Bxe4 23. Bxe4 Rxe4 24. Qf3 Re7 25. Rfd1 Rc8 26. Nxa5 Rxc1 27. Rxc1 h5 28. Nxb7 Qb6 29. Nc5 Qxb2 30. Nd3 Qb5 31. a4 Qg5 32. Rc5 Qg6 33. Rxh5 f6 34. Qa8+ Kf7 35. Qd5+ Re6 36. Qxe6+ Kxe6 37. Nf4+ 1-0


[Site "https://www.chess.com"]

[Event "Titled Tuesday Blitz May 31 Early 2022"]
[White "Martin Carmona, Gaston Manuel"]
[Black "Gormally, Daniel W"]
[WhiteFideId "22284567"]
[BlackFideId "406465"]
[WhiteElo "2162"]
[BlackElo "2543"]
[Result "1/2-1/2"]
[Round "09"]
[TimeControl "180+1"]
[Date "2022.06.01"]
[WhiteClock "0:00:30"]
[BlackClock "0:00:31"]

1. e4 c5 2. Nf3 d6 3. d4 cxd4 4. Nxd4 Nf6 5. Nc3 a6 6. Be3 Ng4 7. Bc1 Nf6 8. f3 e5 9. Nb3 Be6 10. Be3 Be7 11. Qd2 O-O 12. O-O-O a5 13. Qe1 Nbd7 14. Bb5 Qc7 15. Kb1 Nb6 16. a4 Nc4 17. Bc1 Rfc8 18. Rd3 d5 19. exd5 Bf5 20. Rd1 Na3+ 21. bxa3 Qxc3 22. Qxc3 Rxc3 23. Bd3 Bxd3 24. Rxd3 Rxd3 25. cxd3 Nxd5 26. Bb2 Nb6 27. Bxe5 Nxa4 28. Rc1 Bxa3 29. Rc7 f6 30. Ba1 Re8 31. Rxb7 Bb4 32. Ra7 Re1+ 33. Ka2 Re2+ 34. Kb1 Rxg2 35. Nxa5 Nc3+ 36. Bxc3 Bxc3 37. Nc6 Rxh2 38. Ne7+ Kf8 39. Nf5 g6 40. Nd6 Be5 41. Ne4 h5 42. Rd7 h4 43. d4 Bf4 44. Nxf6 h3 45. Nh7+ Ke8 46. Nf6+ Kf8 47. Nh7+ Ke8 48. Nf6+ Kf8 1/2-1/2


[Site "https://www.chess.com"]

[Event "Titled Tuesday Blitz May 31 Early 2022"]
[White "Matveeva, Olga"]
[Black "Mickiewicz, Piotr"]
[WhiteFideId "24107018"]
[BlackFideId "1114891"]
[WhiteElo "2052"]
[BlackElo "2223"]
[Result "1-0"]
[Round "09"]
[TimeControl "180+1"]
[Date "2022.06.01"]
[WhiteClock "0:00:10"]
[BlackClock "0:00:07"]

1. d4 Nf6 2. c4 g6 3. g3 Bg7 4. Bg2 O-O 5. Nf3 c5 6. d5 b5 7. cxb5 a6 8. bxa6 Bxa6 9. Nc3 d6 10. O-O Nbd7 11. Rb1 Qb6 12. b3 Rfb8 13. Qc2 Ne8 14. Bd2 Nc7 15. Rfe1 Nb5 16. e4 Nd4 17. Nxd4 Bxd4 18. Na4 Qa7 19. Bc3 Bb5 20. Bxd4 cxd4 21. Bf1 Bxa4 22. bxa4 Rc8 23. Qd1 Qxa4 24. Qxa4 Rxa4 25. Bb5 Ra7 26. Bxd7 Rxd7 27. Rb4 d3 28. Rd1 Ra7 29. a4 Rc3 30. Rd4 Ra3 31. R1xd3 R3xa4 32. Kg2 Ra2 33. Rd2 Rxd2 34. Rxd2 Ra3 35. Rb2 Kg7 36. f4 Re3 37. Rb4 f5 38. Kf2 Rd3 39. Ke2 Ra3 40. e5 Ra2+ 41. Ke3 Rxh2 42. Rb7 Kf8 43. Rb8+ Kf7 44. e6+ Kg7 45. Re8 Rg2 46. Rxe7+ Kh6 47. Kf3 Rd2 48. Rd7 Rd3+ 49. Ke2 Rd4 50. e7 Re4+ 51. Kf3 Re1 52. Kf2 Re4 53. Kf3 Kh5 54. e8=Q Rxe8 55. Rxh7# 1-0


[Site "https://www.chess.com"]